Cogmind - Beta 15 @@@ ROGUE MODE // 2025.10.07 @ 22:10:39 Player: ty-ler64 Result: Destroyed by G-47 Trooper with Particle Gun Performance ------------- Evolutions (0) 0 Regions Visited (2) 400 Robots Destroyed (15) 75 Value Destroyed (393) 393 Prototype IDs (0) 0 Alien Tech Used (0) 0 Bonus (0) 0 TOTAL SCORE: 868 Bonus ------- None Cogmind --------- Core Integrity 0/250 Matter 300/300 Energy 100/100 System Corruption 3% Temperature Cool (9) Movement Core (200) Ox3 Location -10/Mines Parts ------- > --- POWER (1) -------- (None) > --- PROPULSION (2) --- (None) > --- UTILITY (2) ------ Medium Storage Unit Visual Processing Unit > --- WEAPON (2) ------- (None) > --- INVENTORY (10) --- Ion Engine Aluminum Leg Aluminum Leg Aluminum Leg Aluminum Leg Improved Heat Sink Small Storage Unit Large Storage Unit Visual Processing Unit Improved Terrain Scanner Peak State ------------ > --- POWER ------------ Ion Engine > --- PROPULSION ------- Aluminum Leg Aluminum Leg > --- UTILITY ---------- Medium Storage Unit Visual Processing Unit > --- WEAPON ----------- Small Laser Assault Rifle > --- INVENTORY -------- Ion Engine Aluminum Leg Aluminum Leg Aluminum Leg Improved Heat Sink Small Storage Unit Visual Processing Unit EM Pulse Gun [Rating: 9] Favorites ----------- Power Ion Engine Engine Ion Engine Propulsion Aluminum Leg Leg Aluminum Leg Utility Visual Processing Unit Storage Medium Storage Unit Processor Visual Processing Unit Weapon Small Laser Energy Gun Small Laser Ballistic Gun Assault Rifle Build | -11 -10 -10 ------- Run | Yrd Mat Min Slots Evolved . | . . . Power . | . . . Propulsion . | . . . Utility . | . . . Weapon . | . . . Parts Attached 16 | 5 5 6 Power 1 | 1 . . Engine 1 | 1 . . Core . | . . . Reactor . | . . . Propulsion 6 | 2 . 4 Treads . | . . . Leg 6 | 2 . 4 Wheel . | . . . Hover . | . . . Flight . | . . . Utility 3 | 1 2 . Device . | . . . Storage 2 | 1 1 . Processor 1 | . 1 . Hackware . | . . . Protection . | . . . Artifact . | . . . Weapon 6 | 1 3 2 Energy Gun 3 | . 2 1 Energy Cannon . | . . . Ballistic Gun 3 | 1 1 1 Ballistic Cannon . | . . . Launcher . | . . . Special Weapon . | . . . Impact Weapon . | . . . Slashing Weapon . | . . . Piercing Weapon . | . . . Special Melee Weapon . | . . . Unidentified Prototypes . | . . . Parts Lost 7 | . . 7 Power 1 | . . 1 Propulsion 2 | . . 2 Utility . | . . . Weapon 4 | . . 4 Highest Loss Streak 4 | . . 4 To Critical Strikes . | . . . Average Backups 8 | 2 7 9 Power . | . 1 1 Propulsion 2 | . 2 3 Utility 3 | . 1 4 Weapon 1 | 1 1 1 Tool/Special . | . . . Unused Backups 14 | 1 3 10 Power 2 | . 1 1 Propulsion 8 | 1 2 5 Utility 4 | . . 4 Weapon . | . . . Tool/Special . | . . . Average Slot Usage (%) 94 | . 93 94 Engine 11 | . 14 9 Leg 27 | . 28 27 Storage 14 | . 14 14 Processor 12 | . 9 14 Energy Gun 13 | . 12 13 Ballistic Gun 13 | . 13 13 Peak Build Rating 9 | 5 9 9 Average Rating 8 | 4 7 8 On Entrance 4 | . 5 9 Naked Turns . | . . . Heaviest Build 19 | 11 19 18 Greatest Support 20 | 20 20 20 Greatest Overweight (x) . | . . . Average Overweight (x) . | . . . Largest Inventory Capacity 10 | 8 10 10 Average Capacity 9 | 7 8 10 Most Carried 10 | 5 10 10 Average Carried 8 | 2 7 9 Final Capacity 10 | 8 10 10 Final Carried 10 | 5 10 10 Class Distribution -------------------- 100% | Mutant Dominant Class ---------------- Mutant | -10/Materials Mutant | -10/Mines Resources | -11 -10 -10 ----------- Run | Yrd Mat Min Matter Collected 585 | 189 132 264 Remotely . | . . . Salvage Created 470 | . 134 336 Parts 34 | . 12 22 Haulers Intercepted . | . . . Recyclers Shooed . | . . . Parts Field Recycled . | . . . Retrieved Matter . | . . . Parts Self-Destructed . | . . . Prevented . | . . . Kills | -11 -10 -10 ------- Run | Yrd Mat Min Combat Hostiles Destroyed 14 | . 5 9 Guns 13 | . 4 9 AOE 1 | . 1 . Classes Destroyed 3 | . 2 1 Tunneler 1 | . . 1 Swarmer 5 | . 3 2 Grunt 9 | . 2 7 Best Kill Streak 3 | . 3 2 Combat Bots Only 3 | . 3 2 Max Kills in Single Turn 1 | . 1 1 Gunslinging . | . . . Exploded 1 | . 1 . Melee . | . . . Uniques/NPCs Destroyed . | . . . Combat | -11 -10 -10 -------- Run | Yrd Mat Min Hostile Shots Fired 117 | . 18 99 Missed 36 | . 8 28 Hits 81 | . 10 71 Projectile 81 | . 10 71 Critical Strikes 1 | . . 1 Damage Taken 1053 | . 201 852 Core 254 | . 90 164 Absorbed by Shields . | . . . Core Remaining (%) 100 | 100 . . Volleys Fired 85 | . 7 78 Largest 2 | . 2 2 Hottest 60 | . 60 60 Shots Fired 165 | . 14 151 Gun 165 | . 14 151 Cannon . | . . . Launcher . | . . . Special . | . . . Kinetic 84 | . 7 77 Thermal 68 | . . 68 Explosive . | . . . Electromagnetic 13 | . 7 6 Robot Hit Streak 9 | . 3 9 Robot Miss Streak 3 | . 3 3 Penetration Max . | . . . Secondary Targets 1 | . . 1 Max Gunslinging Chain 1 | . . 1 Shots Hit Robots 63 | . 6 57 Core Hits 26 | . 5 21 Critical Kills . | . . . Critical Parts Destroyed . | . . . Critical Strikes . | . . . Melee Attacks . | . . . Impact . | . . . Slashing . | . . . Piercing . | . . . Sneak Attacks . | . . . Combat Hostiles . | . . . Follow-up Attacks . | . . . Damage Inflicted 888 | . 221 667 Guns 717 | . 83 634 Cannons . | . . . Explosions 158 | . 138 20 Melee . | . . . Ramming 13 | . . 13 Kinetic 327 | . 21 306 Thermal 434 | . 138 296 Explosive . | . . . Electromagnetic 114 | . 62 52 Impact . | . . . Slashing . | . . . Piercing . | . . . Highest Corruption 3 | . 3 3 Average Corruption 2 | . 2 3 Corruption Purged . | . . . Corruption Blocked . | . . . Effects 12 | . . 12 Message Errors 5 | . . 5 Matter Fused 4 | . . 4 Data Loss (minor) 3 | . . 3 Overload Shots . | . . . Overflow Damage 89 | . 72 17 Projectiles . | . . . Explosions 89 | . 72 17 Melee . | . . . Knockbacks 1 | . . 1 Impact 1 | . . 1 Kinetic . | . . . Secondary . | . . . Self-Inflicted Damage 149 | . 111 38 Shots 3 | . 2 1 Rammed 1 | . . 1 Targets Rammed 8 | . . 8 Kicked 7 | . . 7 Crushed . | . . . Highest Temperature 84 | . 18 84 Average Temperature 24 | . 13 26 Received Heat Transfer 417 | . 18 399 Siege Activations . | . . . Martial Activations . | . . . Shielding Activations . | . . . Robots Disrupted . | . . . Combat Hostiles . | . . . Robots Corrupted . | . . . Combat Hostiles . | . . . Parts Fried . | . . . Impact Corruptions . | . . . Robots Melted . | . . . Combat Hostiles . | . . . Parts Melted 2 | . . 2 Heat Transferred 775 | . 100 675 Parts Sabotaged . | . . . Parts Stolen . | . . . Parts Stripped . | . . . Power Chain Reactions 2 | . 1 1 Alert | -11 -10 -10 ------- Run | Yrd Mat Min Maximum Alert Level . | . . . Low Security (%) 100 | 100 100 100 Level 1 . | . . . Level 2 . | . . . Level 3 . | . . . Level 4 . | . . . Level 5 . | . . . High Security . | . . . Max Security . | . . . Peak Influence 119 | . 119 57 Initial 12 | . . 12 Average 20 | . 39 13 Influence Increases 400 | . 169 231 Destroy 0b10 Robot/C 280 | . 100 180 Destroy 0b10 Robot/NC 5 | . . 5 Destroy Leader 30 | . 20 10 Disable Machine 45 | . 30 15 Destroy Structure 25 | . 19 6 Lose Combat Pursuer 15 | . . 15 Influence Decreases 400 | . 138 262 Entered New Map 19 | . . 19 Time Decay 351 | . 138 213 Lost Part 30 | . . 30 Squads Dispatched 2 | . 2 . Investigation 2 | . 2 . Extermination . | . . . Reinforcement . | . . . Assault . | . . . Garrison . | . . . Intercept . | . . . Searches Triggered . | . . . Construction Impeded . | . . . Haulers Reinforced . | . . . Active Scanning Responses . | . . . Cargo Convoy Interrupts . | . . . Stealth | -11 -10 -10 --------- Run | Yrd Mat Min Distress Signals . | . . . Communications Jammed . | . . . Distress Signals . | . . . Times Spotted 18 | . 5 13 Peak Tracking Total 3 | . 3 3 Tactical Retreats 1 | . . 1 Traps | -11 -10 -10 ------- Run | Yrd Mat Min Traps Triggered 2 | . 2 . Indirectly . | . . . Trap Hack Attempts . | . . . Triggered . | . . . Disarmed . | . . . Reprogrammed . | . . . Reused . | . . . Traps Extracted . | . . . Installed . | . . . Triggered . | . . . Machines | -11 -10 -10 ---------- Run | Yrd Mat Min Machines Disabled 3 | . 2 1 Max in Single Turn 2 | . 2 1 Machines Repaired . | . . . Machines Dismantled . | . . . Machines Sabotaged . | . . . Overloaded Fab Kills . | . . . Hacking | -11 -10 -10 --------- Run | Yrd Mat Min Machines Accessed . | . . . Terminals . | . . . Fabricators . | . . . Repair Stations . | . . . Recycling Units . | . . . Scanalyzers . | . . . Garrison Access . | . . . Total Hacks . | . . . Successful . | . . . Failed . | . . . Catastrophic . | . . . Database Lockouts . | . . . Manual . | . . . Terminals . | . . . Fabricators . | . . . Repair Stations . | . . . Recycling Units . | . . . Scanalyzers . | . . . Garrison Access . | . . . Terminal Hacks . | . . . Fabricator Hacks . | . . . Repair Station Hacks . | . . . Recycling Unit Hacks . | . . . Scanalyzer . | . . . Garrison Access Hacks . | . . . Unauthorized Hacks . | . . . Terminals . | . . . Fabricators . | . . . Repair Stations . | . . . Recycling Units . | . . . Scanalyzers . | . . . Garrison Access . | . . . Data Cores Recovered . | . . . Used . | . . . Hacking Detections . | . . . Full Trace Events . | . . . Feedback Events . | . . . Feedback Blocked . | . . . Robot Schematics Acquired . | . . . Robots Built . | . . . Authchips . | . . . Time . | . . . Total Robot Build Rating . | . . . Part Schematics Acquired . | . . . Parts Built . | . . . Authchips . | . . . Time . | . . . Total Part Build Rating . | . . . Parts Repaired . | . . . Time . | . . . Parts Recycled . | . . . Recycled Matter . | . . . Retrieved Matter . | . . . Retrieved Components . | . . . Parts Scanalyzed . | . . . Part Schematics Acquired . | . . . Parts Damaged . | . . . Bothacking | -11 -10 -10 ------------ Run | Yrd Mat Min Used RIF Installer . | . . . Robots Hacked . | . . . Non-combat . | . . . Combat . | . . . Robot Hacks Applied . | . . . Relay Couplers Released . | . . . Fabnet Peak Effective % . | . . . Robots Rewired . | . . . Allies Hacked . | . . . Hacks Repelled . | . . . Allies | -11 -10 -10 -------- Run | Yrd Mat Min Total Allies . | . . . Largest Group . | . . . Highest-Rated Group . | . . . Highest-Rated Ally . | . . . Total Orders . | . . . Ally Attacks . | . . . Total Damage . | . . . Kills . | . . . Allies Corrupted . | . . . Allies Melted . | . . . Intel | -11 -10 -10 ------- Run | Yrd Mat Min Active Infowar (turns) 1205 | . 292 913 Optics 1205 | . 292 913 Robot Analysis Total . | . . . Derelict Logs Recovered . | . . . Drone Launches . | . . . Drone Recoveries . | . . . Exploration | -11 -10 -10 ------------- Run | Yrd Mat Min Turns Passed 1390 | 77 400 913 Spaces Moved 588 | 56 287 245 Core 7 | 7 . . Treads . | . . . Legs 581 | 49 287 245 Wheels . | . . . Hover . | . . . Flight . | . . . Fastest Speed 50 | 50 120 120 Average Speed 119 | 111 120 120 Slowest Speed 120 | 120 120 120 Overloaded Moves . | . . . Propulsion Burnouts . | . . . Robots Hopped . | . . . Potential Cave-ins . | . . . Cave-ins Triggered . | . . . Exploration Rate (%) 25 | 4 42 29 Regions Visited 2 Branch Regions 1 Pre-discovered Areas . | . . . Known Exits Taken . | . . . Unknown Exits Taken 2 | 1 1 . Scrap Searched 1 | . . 1 Spaces Dug . | . . . Terrain Destroyed 24 | . 18 6 Melee . | . . . Projectile . | . . . AOE 24 | . 18 6 Terrain Rammed . | . . . Walls Destroyed . | . . . Machines Disabled . | . . . Actions | -11 -10 -10 --------- Run | Yrd Mat Min Total 1114 | 69 330 715 Wait 383 | . 17 366 Move 586 | 55 286 245 Hop . | . . . Pick Up 24 | 8 10 6 Fast Attach 4 | 3 1 . Attach 6 | 2 2 2 Detach . | . . . Swap 7 | . 2 5 Drop 11 | 1 5 5 Fire 85 | . 7 78 Melee . | . . . Ram 1 | . . 1 Kick 7 | . . 7 Crush . | . . . Escape Stasis . | . . . Rewire . | . . . Trap . | . . . Miscellaneous . | . . . Route ------- -11/Scrapyard -10/Materials -10/Mines History --------- Turn | Location | Event 16 | -11/Scrapyard | Discovered new exit (range 15) 78 | -11/Scrapyard | Entered Materials 79 | -10/Materials | Met a group of wandering Federalists 297 | -10/Materials | Discovered new exit (range 11) 312 | -10/Materials | Build established: Mutant 478 | -10/Materials | Entered Mines 544 | -10/Mines | Excavation squad dispatched 544 | -10/Mines | A large section of the Mines collapsed 794 | -10/Mines | Excavation squad dispatched 1025 | -10/Mines | Core integrity fell below 50% 1044 | -10/Mines | Excavation squad dispatched 1294 | -10/Mines | Excavation squad dispatched 1384 | -10/Mines | Core integrity fell below 20% 1391 | -10/Mines | Destroyed by G-47 Trooper with Particle Gun Last Messages --------------- G-34 Mercenary destroyed. Acquired 10 matter. Acquired Aluminum Leg. Dropped Aluminum Leg. Acquired Aluminum Leg. Dropped Aluminum Leg. Acquired 26 matter. Acquired Imp. Terrain Scanner. G8XKSGNZYO%XV5O,=DEEZSK6Q1=VYSCR>F ALERT: Derelict activity in mines confirmed. Dispatching additional escorted excavation squad. K-01 Serf collects debris. Sml. Laser destroyed. Aluminum Leg destroyed. Lgt. Assault Rifle destroyed. K-01 Serf collects debris. Kicked G-47 Trooper. G-47 Trooper knocked back. Aluminum Leg destroyed. Slammed into G-47 Trooper. Map ----- +----------------------------------------------------+ | ?????????????????????????????????????????????????? | | ?????????????????????????????????????????????????? | | ?????????????????????????????????????????????????? | | ?????????????????????????????????????????????????? | | ?????????????????????????????????????????????????? | | ?????????????????????????????????????????????????? | | ?????????????????????????????????????????????????? | | ?????????????????????????????????????????????????? | | ?????????????????????????????????????????????????? | | ?????????????????????????????????????????????????? | | ?????????????????????????????????????????????????? | | ??????????????????????????????###????????????????? | | ?????????????????????????????# ### ?????????????? | | ????????????????????????????# ??????????????? | | ???????????????????????????# ???????????????? | | ??????????????????????????# ??????????????? | | ?????????????????????????# ???????????????? | | ?????????????????????????# ????????????????? | | ????????????????????????## ??###????????????? | | ?????????????????????#### ???# ????????????? | | ????????????????????## ????# #????????????? | | ????????????????????# #?????# #????????????? | | ????????????????????# """ #??????# #????????????? | | ????????????????????# """ #??????# #????????????? | | ???????????????????## """ g######## #????????????? | | ??????????????????## %%%@ #????????????? | | ??????????????????# g######## ##????????????? | | ?????????????????## ##??????# #?????????????? | | ?????????????????# ####???????# #?????????????? | | ????????????????## ##??????????# #?????#####???? | | ???????????###### ##??????????#%#######"""#???? | | ??????????## ## k #??????????#! =%[#???? | | ?????????## = #????? #??#########"" #???? | | ???????### u %[#### #????????##### "##?? | | ??????## ## * #???????## #?# #?? | | ?????## #### #??????## #?### #?? | | ????## ###??# * ## # #????## ##??#%#?? | | ???## ##????# %=#? ## #??## #??# #?? | | ???# ##????## =#? ## % #### ### #??# #?? | | ???# ##?????# * #?? ?????%=% ##"# #??# #?? | | ???## ##?????## #?? ?????? #?## !###??#%#?? | | ????## #?????# #??####????????###|=##??#!#?? | | ?????## #????# #????????????????##=#?### ### | | ??????# #???# #????????????????#=#?#[ % | | ??????####??# ??????????????#[#?# | | ????????????# #????????????#=### """ | | ????????????# ???????????#[ * "" | | ????????????#### ?????????##### """ | | ???????????????## ##????????????# | | ????????????????## ### #####?????????????####### | +----------------------------------------------------+ Best States ------------- Heat Dissipation 25 Energy Generation 10 Energy Capacity 250 Matter Stores 300 Matter Capacity 300 Sight Range 18 Terrain Scan Density 10 Evasion (%) 55 Item Schematics ----------------- None Robot Schematics ------------------ None Fabricated ------------ Nothing Repaired ---------- Nothing Alien Tech Used ----------------- None Achievements -------------- None Challenges ------------ None Game ------ Seed LobotomyLobotomyCycler Manual? 0 Play Time 00:15:50 Cumulative 2.9 hours Start 2025.10.07 @ 21:49:00 End 2025.10.07 @ 22:10:39 Sessions 2 Manual Loads 0 Difficulty Rogue Special Mode None Game No. 7 Rogue 7 Adventurer 0 Explorer 0 Win Type - Total 0 Types 0/0/0/0/0/0/0/0/0/0 Lore% 3 Gallery% 5 Achievement% 7 Wizard Run 0 Options --------- Layout 1 ASCII 0 Keyboard 0 Movement Arrows Keybinds 0 Fullscreen 0 Font 24/Swanston Map View 59x45 Zoom Use 0% Tactical HUD 0 Map Filters NONE Filters NONE Steam 1 RUN: 17f6fd63-0a36-4ca1-ab54-66ec51bf195e